 Dungeon Crawl Stone Soup version 0.22.1-6-g1668fe2c40 (webtiles) character file.

44 Revguard the Chopper (level 3, -4/27 HPs)
             Began as a Demonspawn Gladiator on Jan 19, 2019.
             Slain by a gnoll
             ... wielding a +0 whip
              (6 damage)
             ... on level 2 of the Dungeon.
             The game lasted 00:04:02 (1291 turns).

Revguard the Chopper (Demonspawn Gladiator)         Turns: 1291, Time: 00:04:02

Health: -4/27      AC:  8    Str: 15    XL:     3   Next: 39%
Magic:  3/3        EV: 10    Int:  9    God:
Gold:   63         SH:  0    Dex: 14    Spells: 2/2 levels left

rFire    x . .     SeeInvis .   a - +0 war axe
rCold    + . .     Gourm    .   (no shield)
rNeg     . . .     Faith    .   k - +0 scale mail
rPois    +         Spirit   .   c - +1 helmet
rElec    +         Reflect  .   (no cloak)
rCorr    .         Harm     .   (no gloves)
MR       .....                  (no boots)
Stlth    ..........             (no amulet)
HPRegen  0.09/turn              g - ring of ice
MPRegen  0.08/turn              (no ring)

@: lethally poisoned (-4 -> -12), flying
A: hooves 1, mutation resistance 1, poison resistance, electricity resistance,
rot immunity
a: no special abilities


You were on level 2 of the Dungeon.
You were very hungry.

You visited 1 branch of the dungeon, and saw 2 of its levels.

You collected 63 gold pieces.

Inventory:

Hand Weapons
 a - a +0 war axe (weapon)
Missiles
 d - 3 throwing nets (quivered)
Armour
 b - a +0 leather armour
 c - a +1 helmet (worn)
 k - a +0 scale mail (worn)
Jewellery
 g - a ring of ice (left hand)
Comestibles
 f - 3 rations


   Skills:
 + Level 2.1 Fighting
 + Level 3.4 Axes
 - Level 1.7 Throwing
 + Level 0.5 Armour
 + Level 3.2 Dodging


You had 2 spell levels left.
You didn't know any spells.
Your spell library was empty.

Dungeon Overview and Level Annotations

Branches:
Dungeon (2/15)

Altars:
Elyvilon


Innate Abilities, Weirdness & Mutations

You have large cloven feet.
You are immune to rotting.
You are somewhat resistant to further mutation.
Your system is resistant to poisons. (rPois)
You are resistant to electric shocks. (rElec)


Message History

You feel sick. The gnoll hits you with a halberd.
* * * LOW HITPOINT WARNING * * *
It was a potion of mutation.
You feel extremely strange.
You feel insulated.
You feel resistant to poisons.
You feel genetically stable.
* * * LOW HITPOINT WARNING * * *
You feel sick. The gnoll hits you but does no damage.
It was a potion of flight.
You feel very buoyant.
You fly up into the air.
* * * LOW HITPOINT WARNING * * *
You feel sick.
You hit the gnoll but do no damage.
* * * LOW HITPOINT WARNING * * *
You feel sick. The gnoll barely misses you. The gnoll hits you with a whip.
* * * LOW HITPOINT WARNING * * *
You hit the gnoll. You kick the gnoll.
The gnoll is heavily wounded.
* * * LOW HITPOINT WARNING * * *
You feel sick. The gnoll closely misses you. The gnoll hits you with a whip.
You die...

******* ##### *,,,,,*
#...####
*,**#.############.......
*,* #ggg@................
*,**#.#############.#####
*,,,,,* #####...####
***,*** #........... *,*
#.###...###.
***********,*
#.###...###.
,,,,,,,,,,,,***
#.##.....##.
,**********,,,*
#.##........
,,,,,,,,,,,,*,*
#.##.....##.


You could see 3 gnolls.

Vanquished Creatures
  An adder (D:2)
  An ooze (D:1)
  A worm (D:2)
  2 dart slugs
  A ball python (D:1)
  A giant cockroach (D:2)
  3 goblins (D:1)
  A hobgoblin (D:1)
  2 jackals (D:2)
  A kobold (D:2)
  5 bats
  A frilled lizard (D:1)
  6 rats
26 creatures vanquished.

Notes
Turn   | Place    | Note
-------+----------+-------------------------------------------
     0 | D:1      | Revguard the Demonspawn Gladiator began the quest for the
                  | Orb.
     0 | D:1      | Reached XP level 1. HP: 16/16 MP: 1/1
   172 | D:1      | Gained mutation: You are immune to rotting. [demonic
                  | ancestry]
   172 | D:1      | Reached XP level 2. HP: 9/22 MP: 2/2
   967 | D:2      | Gained mutation: You have large cloven feet. [demonic
                  | ancestry]
   967 | D:2      | Reached XP level 3. HP: 21/27 MP: 3/3
  1026 | D:2      | Found a white marble altar of Elyvilon.
  1288 | D:2      | Gained mutation: You are resistant to electric shocks.
                  | (rElec) [potion of mutation]
  1288 | D:2      | Gained mutation: Your system is resistant to poisons.
                  | (rPois) [potion of mutation]
  1288 | D:2      | Gained mutation: You are somewhat resistant to further
                  | mutation. [potion of mutation]
  1291 | D:2      | Slain by a gnoll

Skill      XL: |  1  2 |
---------------+-------+-----
Dodging        | 3 |  3.2
Axes           | 3 |  3.4
Fighting       | |  2.1
Throwing       | |  1.7
Armour         | |  0.5

Action                   || total
-------------------------++-------
Melee: War axe           ||    96
       Kick              ||     4
  Use: Scroll            ||     4
       Potion            ||     3
Armor: Leather armour    ||    32
       Scale mail        ||    17
Dodge: Dodged            ||    92
